 Dungeon Sprint DCSS version 0.20-a0-544-g2b9a704 (console) character file.

2267 sorlin the Bludgeoner (level 9, -13/138 HPs)
             Began as a Minotaur Berserker on Jan 31, 2017.
             Was an Elder of Trog.
             Mangled by Sonja
             ... wielding a +0 dagger of distortion
              (23 damage)
             ... in the Dungeon (Sprint I: "Red Sonja").
             The game lasted 00:06:10 (1261 turns).

sorlin the Bludgeoner (Minotaur Berserker)          Turns: 1261, Time: 00:06:10

Health: -13/138    AC:  9    Str: 27    XL:     9   Next: 16%
Magic:  8/8        EV: 14    Int:  4    God:    Trog [****..]
Gold:   441        SH:  0    Dex: 13    Spells: 8/8 levels left

rFire    . . .     SeeInvis .   a - +0 mace
rCold    . . .     Gourm    .   k - +2 ring mail {rN+}
rNeg     + . .     Faith    .   (no shield)
rPois    .         Spirit   .   (helmet restricted)
rElec    .         Reflect  .   (no cloak)
rCorr    .         Harm     .   (no gloves)
MR       .....     NoTele   +   (no boots)
Stlth    ..........             (no amulet)
Regen    0.4/turn               (no ring)
                                (no ring)

@: berserking (expiring), lethally poisoned (-13 -> -21), slowed
A: retaliatory headbutt, horns 2
a: Berserk, Trog's Hand, Brothers in Arms, Burn Spellbooks, Renounce Religion


You were in the Dungeon.
You worshipped Trog.
Trog was greatly pleased with you.
You were not hungry.

You visited 1 branch You collected 441 gold pieces.


Innate Abilities, Weirdness & Mutations

You reflexively headbutt those who attack you in melee.
You have a pair of horns on your head.


   Skills:
 + Level 12.7 Fighting
 + Level 15.9 Maces & Flails
 + Level 12.4 Armour
 + Level 6.0 Dodging


You had 8 spell levels left.
You didn't know any spells.

Inventory:

Hand Weapons
 a - a +0 mace (weapon)
Armour
 k - a +2 ring mail of positive energy (worn)
   (You took it off Ijyb in the Dungeon)
Scrolls
 b - a scroll of remove curse {unknown}
 c - a scroll of recharging {unknown}
 i - a scroll of blinking
Potions
 d - 2 potions of curing
 e - a potion of heal wounds {!q}
 f - a potion of haste {!q}
 g - 2 potions of magic {!q}
 h - a potion of berserk rage {!q}


Message History

The curare-tipped needle hits your ogre.
Your ogre is poisoned.
Your ogre convulses.
Your ogre seems to slow down.
You take 2 damage.
You feel the effects of Trog's Hand fading.
You feel very sick.
Sonja shoots a curare-tipped needle.
The curare-tipped needle hits your ogre.
Your ogre looks as sick as possible!
Your ogre convulses.
Your ogre seems to be slow for longer.
Sonja shoots a curare-tipped needle.
The curare-tipped needle hits your ogre.
Your ogre looks as sick as possible!
Your ogre convulses.
Your ogre seems to be slow for longer.
You take 1 damage.
You feel very sick.
Sonja unwields an uncursed blowgun.
Sonja wields an uncursed dagger of distortion.
Its appearance distorts for a moment.
Sonja hits your ogre with an uncursed dagger of distortion!
Your ogre dies!
You take 2 damage.
A red film seems to cover your vision as you go berserk!
You feel yourself moving faster!
You feel mighty!
You feel quite a bit more hungry.
You feel sick.
Sonja gestures wildly while chanting.
Sonja blinks!
You feel a strong urge to attack something.
You feel sick.
You miss Sonja.
You feel sick. Sonja barely misses you. Sonja hits you but does no damage.
Space warps horribly around you!
* * * LOW HITPOINT WARNING * * *
Sonja hits you but does no damage.
You feel a strange sense of stasis.
You take 13 damage.
You barely miss Sonja.
You feel sick. Sonja hits you but does no damage.
Sonja hits you with an uncursed dagger of distortion.
* * * LOW HITPOINT WARNING * * *
Space warps horribly around you!
* * * LOW HITPOINT WARNING * * *
Sonja hits you with an uncursed dagger of distortion.
* * * LOW HITPOINT WARNING * * *
You take 17 damage.
You completely miss Sonja.
Your skin stops crawling.
You feel less resistant to hostile enchantments.
You feel sick. Sonja hits you but does no damage.
Space warps horribly around you!
* * * LOW HITPOINT WARNING * * *
Sonja closely misses you. Sonja hits you but does no damage.
You take 17 damage.
You closely miss Sonja. Sonja hits you but does no damage.
Space warps horribly around you!
You die...

▒▒▒▒▒▒▒▒▒▒▒▒▒▒▒▒▒▒▒▒▒▒▒▒▒▒▒▒
▒<.#..').#..'..#__#.))...#..
▒..).[#..').#..'..'..#...##'
▒..#####'#####'#__▒▒▒▒...'..
▒..####..▒...▒.▒▒▒▒§ ▒▒▒▒#..
▒..#__###▒(@▒▒.▒≈≈§§ ▒+▒
▒..#_____▒▒K▒..+≈≈≈..+
▒⌠⌠#_.∩...'..._▒≈≈≈§c▒
▒###_..__▒▒_(#'##+##
▒_K___▒▒#+#.# ▒▒▒▒▒▒▒ #.###
$§$ $.$ ▒▒.▒▒ ▒+▒


You could see Sonja.

Vanquished Creatures
  2 kobold demonologists (D)
  4 demonic crawlers (D)
  A slime creature (D)
  Sigmund (D)
  A yak (D)
  A floating eye (D)
  An ogre (D)
  A jelly (D)
  Ijyb (D)
13 creatures vanquished.

Notes
Turn   | Place    | Note
-------+----------+-------------------------------------------
     0 | D        | sorlin the Minotaur Berserker began the quest for the Orb.
     0 | D        | Reached XP level 1. HP: 19/19 MP: 0/0
     1 | D        | Noticed Ijyb
    11 | D        | HP: 5/19 [Ijyb/dagger (4)]
    12 | D        | HP: 2/28 [Ijyb/dagger (5)]
    13 | D        | Killed Ijyb
    13 | D        | Reached skill level 5 in Fighting
    13 | D        | Reached skill level 6 in Maces & Flails
    13 | D        | Reached skill level 4 in Armour
    13 | D        | Reached XP level 2. HP: 4/29 MP: 1/1
   286 | D        | Noticed an ogre
   289 | D        | Killed an ogre
   289 | D        | Reached skill level 6 in Fighting
   289 | D        | Reached skill level 8 in Maces & Flails
   289 | D        | Reached skill level 5 in Armour
   289 | D        | Reached XP level 3. HP: 28/38 MP: 2/2
   289 | D        | Reached XP level 4. HP: 33/45 MP: 3/3
   427 | D        | Noticed Sigmund
   469 | D        | Killed Sigmund
   469 | D        | Reached ** piety under Trog
   469 | D        | Reached skill level 8 in Fighting
   469 | D        | Reached skill level 10 in Maces & Flails
   469 | D        | Reached skill level 7 in Armour
   469 | D        | Reached XP level 5. HP: 55/55 MP: 4/4
   525 | D        | Found a deep blue altar of Sif Muna.
   527 | D        | Found a radiant altar of Vehumet.
   531 | D        | Reached skill level 11 in Maces & Flails
   531 | D        | Reached skill level 8 in Armour
   531 | D        | Reached XP level 6. HP: 56/62 MP: 5/5
   555 | D        | Found Eraug's Antique Armour Emporium.
   555 | D        | Found an ancient bone altar of Kikubaaqudgha.
   555 | D        | Found a hazy altar of Hepliaklqana.
   555 | D        | Found a hide-covered altar of Uskayaw.
   555 | D        | Found a basalt altar of Yredelemnul.
   555 | D        | Found an opulent altar of Gozag.
   555 | D        | Found a snail-covered altar of Cheibriados.
   555 | D        | Found a sacrificial altar of Ru.
   555 | D        | Found a shadowy altar of Dithmenos.
   555 | D        | Noticed a yak
   563 | D        | Killed a yak
   563 | D        | Reached skill level 9 in Fighting
   563 | D        | Reached skill level 12 in Maces & Flails
   563 | D        | Reached skill level 9 in Armour
   564 | D        | Found a stormy altar of Qazlal.
   564 | D        | Found a blossoming altar of Fedhas.
   564 | D        | Found a bloodstained altar of Trog.
   564 | D        | Found an iron altar of Okawaru.
   564 | D        | Found a glowing golden altar of the Shining One.
   564 | D        | Found a glowing silver altar of Zin.
   564 | D        | Found a white marble altar of Elyvilon.
   567 | D        | Found a sparkling altar of Nemelex Xobeh.
   651 | D        | Found a viscous altar of Jiyva.
   651 | D        | Found a corrupted altar of Lugonu.
   651 | D        | Noticed a slime creature
   652 | D        | Found a burning altar of Makhleb.
   652 | D        | Found a shimmering altar of Xom.
   659 | D        | Killed a slime creature
   659 | D        | Reached *** piety under Trog
   659 | D        | Reached skill level 10 in Fighting
   659 | D        | Reached skill level 13 in Maces & Flails
   659 | D        | Reached XP level 7. HP: 51/72 MP: 6/6
   828 | D        | Noticed a kobold demonologist
   829 | D        | Noticed a kobold demonologist
   832 | D        | Reached skill level 10 in Armour
   846 | D        | Noticed a demonic crawler
   846 | D        | Noticed a demonic crawler
   846 | D        | Noticed a demonic crawler
   846 | D        | Noticed a demonic crawler
   850 | D        | Killed a kobold demonologist
   850 | D        | Reached skill level 11 in Fighting
   850 | D        | Reached skill level 14 in Maces & Flails
   858 | D        | Killed a kobold demonologist
   858 | D        | Reached **** piety under Trog
   858 | D        | Reached skill level 15 in Maces & Flails
   858 | D        | Reached skill level 11 in Armour
   858 | D        | Reached XP level 8. HP: 74/82 MP: 7/7
   873 | D        | Killed a demonic crawler
   873 | D        | Reached skill level 3 in Dodging
   878 | D        | Killed a demonic crawler
   878 | D        | Reached skill level 12 in Fighting
   878 | D        | Reached skill level 4 in Dodging
   885 | D        | HP: 28/124 [demonic crawler (10)]
   887 | D        | Killed a demonic crawler
   887 | D        | Reached skill level 12 in Armour
   887 | D        | Reached skill level 5 in Dodging
   887 | D        | Reached XP level 9. HP: 27/91 MP: 8/8
   893 | D        | Killed a demonic crawler
   893 | D        | Reached ***** piety under Trog
   893 | D        | Reached skill level 6 in Dodging
  1233 | D        | Noticed a centaur warrior
  1243 | D        | Noticed Sonja
  1259 | D        | HP: 28/138 [Sonja/uncursed dagger of distortion (15)]
  1260 | D        | HP: 10/138 [Sonja/uncursed dagger of distortion (16)]
  1261 | D        | Mangled by Sonja

Vault maps used:
D:        dungeon_sprint_1

Action                   |  1- 3 |  4- 6 |  7- 9 || total
-------------------------+-------+-------+-------++-------
Melee: Mace              |    12 |    20 |    57 ||    89
       Headbutt          |     5 |     3 |    15 ||    23
Invok: Berserk           |     2 |     2 |     2 ||     6
       Trog's Hand       |       |       |     1 ||     1
       Brothers in Arms  |       |       |     1 ||     1
  Eat: Chunk             |       |     2 |     1 ||     3
       Bread ration      |       |       |     1 ||     1
Armor: Animal skin       |     2 |       |       ||     2
       Ring mail         |       |     1 |    30 ||    31
Dodge: Dodged            |     1 |     8 |    29 ||    38
